Cogmind - Beta 12 @@@ ROGUE MODE // 2023.03.14 @ 00:29:03 Player: dhtilly Result: Destroyed by G-34 Mercenary with Small Laser Performance ------------- Evolutions (0) 0 Regions Visited (2) 400 Robots Destroyed (16) 80 Value Destroyed (454) 454 Prototype IDs (0) 0 Alien Tech Used (0) 0 Bonus (25) 25 TOTAL SCORE: 959 Bonus ------- Follower Combat Kills 25 Cogmind --------- Core Integrity 0/250 Matter 275/300 Energy 238/250 System Corruption 0% Temperature Cool (36) Movement Treading (320) Ox2 Location -10/Mines Parts ------- > --- POWER (1) -------- Ion Engine > --- PROPULSION (2) --- Light Treads Light Treads > --- UTILITY (2) ------ Improved Heat Sink Huge Storage Unit > --- WEAPON (2) ------- Small Laser Beamcaster > --- INVENTORY (25) --- Ion Engine Wheel Wheel Armored Wheel Armored Wheel Armored Wheel High-capacity Storage Unit Visual Processing Unit Terrain Scanner Improved Targeting Computer Improved Targeting Computer Improved Targeting Computer Core Shielding Propulsion Shielding Weapon Shielding Tractor Beam Recalibrator EM Pulse Gun Small Laser Small Laser Beam Cannon Light Assault Rifle Light Assault Rifle Peak State ------------ > --- POWER ------------ Ion Engine > --- PROPULSION ------- Light Treads Light Treads > --- UTILITY ---------- Improved Heat Sink Huge Storage Unit > --- WEAPON ----------- Small Laser Beamcaster > --- INVENTORY -------- Ion Engine Wheel Wheel Armored Wheel Armored Wheel Armored Wheel High-capacity Storage Unit Visual Processing Unit Terrain Scanner Improved Targeting Computer Improved Targeting Computer Improved Targeting Computer Core Shielding Propulsion Shielding Weapon Shielding Tractor Beam Recalibrator EM Pulse Gun Small Laser Small Laser Beam Cannon Light Assault Rifle Light Assault Rifle [Rating: 16] Favorites ----------- Power Ion Engine Engine Ion Engine Propulsion Armored Wheel Treads Light Treads Wheel Armored Wheel Utility Huge Storage Unit Device Heat Sink Storage Huge Storage Unit Processor Signal Interpreter Protection Weapon Shielding Weapon Medium Laser Energy Gun Medium Laser Build | -11 -10 -10 ------- Run | Jun Mat Min Slots Evolved . | . . . Power . | . . . Propulsion . | . . . Utility . | . . . Weapon . | . . . Parts Attached 28 | 6 16 6 Power 2 | 1 1 . Engine 2 | 1 1 . Core . | . . . Reactor . | . . . Propulsion 14 | 2 10 2 Treads 4 | . 2 2 Leg . | . . . Wheel 10 | 2 8 . Hover . | . . . Flight . | . . . Utility 6 | 1 4 1 Device 2 | . 1 1 Storage 2 | 1 1 . Processor 1 | . 1 . Hackware . | . . . Protection 1 | . 1 . Artifact . | . . . Weapon 6 | 2 1 3 Energy Gun 6 | 2 1 3 Energy Cannon . | . . . Ballistic Gun . | . . . Ballistic Cannon . | . . . Launcher . | . . . Special Weapon . | . . . Impact Weapon . | . . . Slashing Weapon . | . . . Piercing Weapon . | . . . Special Melee Weapon . | . . . Unidentified Prototypes . | . . . Parts Lost 6 | . 2 4 Power 1 | . 1 . Propulsion 2 | . 1 1 Utility . | . . . Weapon 3 | . . 3 Highest Loss Streak 2 | . 2 2 To Critical Strikes . | . . . Average Slot Usage (%) 97 | . 93 100 Engine 13 | . 13 14 Wheel 27 | . 26 27 Device 8 | . 1 14 Storage 14 | . 14 14 Processor 2 | . 5 . Energy Gun 28 | . 28 28 Naked Turns . | . . . Heaviest Build 90 | 14 90 90 Greatest Support 26 | 26 26 24 Greatest Overweight (x) 7 | . 5 7 Average Overweight (x) 2 | . 2 3 Largest Inventory Capacity 25 | 8 25 25 Average Capacity 22 | 6 20 25 Most Carried 25 | 4 25 25 Average Carried 17 | 3 9 24 Final Capacity 25 | 8 25 25 Final Carried 25 | 4 25 23 Class Distribution -------------------- 100% | Mutant Dominant Class ---------------- Mutant | -10/Materials Mutant | -10/Mines Resources | -11 -10 -10 ----------- Run | Jun Mat Min Matter Collected 430 | 260 110 60 Remotely . | . . . Salvage Created 687 | . 407 280 Parts 25 | . 17 8 Haulers Intercepted 1 | . 1 . Recyclers Shooed 2 | . 2 . Parts Field Recycled . | . . . Retrieved Matter . | . . . Parts Self-Destructed . | . . . Prevented . | . . . Kills | -11 -10 -10 ------- Run | Jun Mat Min Combat Hostiles Destroyed 11 | . 6 5 Guns 11 | . 6 5 Classes Destroyed 7 | . 6 1 Hauler 1 | . 1 . Recycler 2 | . 1 1 Mechanic 1 | . 1 . Operator 1 | . 1 . Swarmer 1 | . 1 . Grunt 8 | . 5 3 Sentry 2 | . . 2 Best Kill Streak 2 | . 2 2 Combat Bots Only 2 | . 2 1 Max Kills in Single Turn 1 | . 1 1 Gunslinging . | . . . Exploded . | . . . Melee . | . . . Uniques/NPCs Destroyed . | . . . Combat | -11 -10 -10 -------- Run | Jun Mat Min Damage Taken 884 | . 308 576 Core 252 | . 81 171 Absorbed by Shields . | . . . Redirected to Shielding 21 | . 21 . Core Remaining (%) 100 | 100 . . Volleys Fired 77 | . 45 32 Largest 2 | . 2 2 Hottest 115 | . 100 115 Shots Fired 145 | . 81 64 Gun 145 | . 81 64 Cannon . | . . . Launcher . | . . . Special . | . . . Kinetic . | . . . Thermal 145 | . 81 64 Explosive . | . . . Electromagnetic . | . . . Robot Hit Streak 10 | . 10 8 Robot Miss Streak 3 | . 3 3 Penetration Max . | . . . Secondary Targets . | . . . Shots Hit Robots 97 | . 54 43 Core Hits 32 | . 20 12 Critical Kills . | . . . Critical Parts Destroyed . | . . . Critical Strikes 7 | . 7 . Burn 7 | . 7 . Melee Attacks . | . . . Impact . | . . . Slashing . | . . . Piercing . | . . . Sneak Attacks . | . . . Combat Hostiles . | . . . Follow-up Attacks . | . . . Damage Inflicted 1199 | . 677 522 Guns 1199 | . 677 522 Cannons . | . . . Explosions . | . . . Melee . | . . . Ramming . | . . . Kinetic . | . . . Thermal 1199 | . 677 522 Explosive . | . . . Electromagnetic . | . . . Impact . | . . . Slashing . | . . . Piercing . | . . . Highest Corruption . | . . . Average Corruption . | . . . Corruption Purged . | . . . Corruption Blocked . | . . . Overload Shots . | . . . Overflow Damage . | . . . Projectiles . | . . . Explosions . | . . . Melee . | . . . Knockbacks . | . . . Impact . | . . . Kinetic . | . . . Secondary . | . . . Self-Inflicted Damage . | . . . Shots . | . . . Rammed . | . . . Targets Rammed . | . . . Kicked . | . . . Crushed . | . . . Highest Temperature 341 | . 341 117 Average Temperature 92 | . 114 33 Received Heat Transfer 444 | . 150 294 Effects 3 | . 3 . Shutdowns 1 | . 1 . Interference 2 | . 2 . Siege Activations . | . . . Robots Corrupted . | . . . Combat Hostiles . | . . . Parts Fried . | . . . Impact Corruptions . | . . . Robots Melted 1 | . 1 . Combat Hostiles . | . . . Parts Melted 9 | . 6 3 Heat Transferred 3808 | . 2516 1292 Parts Sabotaged . | . . . Parts Stolen . | . . . Parts Stripped . | . . . Power Chain Reactions . | . . . Missiles Intercepted . | . . . Alert | -11 -10 -10 ------- Run | Jun Mat Min Peak Influence 156 | . 156 129 Initial 39 | . . 39 Average 56 | . 69 48 Maximum Alert Level . | . . . Low Security (%) 100 | 100 100 100 Level 1 . | . . . Level 2 . | . . . Level 3 . | . . . Level 4 . | . . . Level 5 . | . . . High Security . | . . . Max Security . | . . . Squads Dispatched 2 | . 2 . Investigation . | . . . Extermination . | . . . Reinforcement 2 | . 2 . Assault . | . . . Garrison . | . . . Intercept . | . . . Searches Triggered . | . . . Construction Impeded . | . . . Haulers Reinforced . | . . . Active Scanning Responses . | . . . Cargo Convoy Interrupts . | . . . Stealth | -11 -10 -10 --------- Run | Jun Mat Min Distress Signals . | . . . Communications Jammed . | . . . Distress Signals . | . . . Times Spotted 22 | . 14 8 Peak Tracking Total 3 | . 3 2 Tactical Retreats 1 | . 1 . Traps | -11 -10 -10 ------- Run | Jun Mat Min Traps Triggered 3 | . 3 . Indirectly . | . . . Trap Hack Attempts . | . . . Triggered . | . . . Disarmed . | . . . Reprogrammed . | . . . Reused . | . . . Traps Extracted . | . . . Installed . | . . . Triggered . | . . . Machines | -11 -10 -10 ---------- Run | Jun Mat Min Machines Disabled . | . . . Max in Single Turn . | . . . Machines Repaired . | . . . Machines Sabotaged . | . . . Overloaded Fab Kills . | . . . Hacking | -11 -10 -10 --------- Run | Jun Mat Min Machines Accessed 7 | . 7 . Terminals 7 | . 7 . Fabricators . | . . . Repair Stations . | . . . Recycling Units . | . . . Scanalyzers . | . . . Garrison Access . | . . . Total Hacks 26 | . 26 . Successful 16 | . 16 . Failed 10 | . 10 . Catastrophic 2 | . 2 . Database Lockouts . | . . . Manual 22 | . 22 . Terminals 26 | . 26 . Fabricators . | . . . Repair Stations . | . . . Recycling Units . | . . . Scanalyzers . | . . . Garrison Access . | . . . Terminal Hacks 10 | . 10 . Part Schematic 2 | . 2 . Branch Access Points 1 | . 1 . Emergency Access Points 1 | . 1 . Terminal Index 1 | . 1 . Alert Level 1 | . 1 . Patrol Status 1 | . 1 . Transport Status 1 | . 1 . Hauler Manifests 1 | . 1 . Zone Layout 1 | . 1 . Fabricator Hacks . | . . . Repair Station Hacks . | . . . Recycling Unit Hacks . | . . . Scanalyzer . | . . . Garrison Access Hacks . | . . . Unauthorized Hacks 6 | . 6 . Terminals 6 | . 6 . Botnet 6 | . 6 . Fabricators . | . . . Repair Stations . | . . . Recycling Units . | . . . Scanalyzers . | . . . Garrison Access . | . . . Data Cores Recovered . | . . . Used . | . . . Hacking Detections 7 | . 7 . Full Trace Events . | . . . Feedback Events . | . . . Feedback Blocked . | . . . Robot Schematics Acquired . | . . . Robots Built . | . . . Authchips . | . . . Time . | . . . Total Robot Build Rating . | . . . Part Schematics Acquired 2 | . 2 . Parts Built . | . . . Authchips . | . . . Time . | . . . Total Part Build Rating . | . . . Parts Repaired . | . . . Time . | . . . Parts Recycled . | . . . Recycled Matter . | . . . Retrieved Matter . | . . . Retrieved Components . | . . . Parts Scanalyzed . | . . . Part Schematics Acquired . | . . . Parts Damaged . | . . . Bothacking | -11 -10 -10 ------------ Run | Jun Mat Min Used RIF Installer . | . . . Robots Hacked . | . . . Non-combat . | . . . Combat . | . . . Robot Hacks Applied . | . . . Relay Couplers Released . | . . . Fabnet Peak Effective % . | . . . Robots Rewired . | . . . Allies Hacked . | . . . Hacks Repelled . | . . . Allies | -11 -10 -10 -------- Run | Jun Mat Min Total Allies 2 | . . 2 Largest Group 2 | . . 2 Highest-Rated Group 56 | . . 56 Highest-Rated Ally 31 | . . 31 Total Orders . | . . . Ally Attacks 10 | . . 10 Total Damage 194 | . . 194 Kills 1 | . . 1 Allies Corrupted . | . . . Allies Melted . | . . . Intel | -11 -10 -10 ------- Run | Jun Mat Min Robot Analysis Total . | . . . Derelict Logs Recovered 2 | . . 2 Drone Launches . | . . . Drone Recoveries . | . . . Exploration | -11 -10 -10 ------------- Run | Jun Mat Min Turns Passed 1735 | 51 737 947 Spaces Moved 1069 | 43 448 578 Core 1 | 1 . . Treads 1 | . 1 . Legs . | . . . Wheels 1067 | 42 447 578 Hover . | . . . Flight . | . . . Fastest Speed 50 | 50 90 135 Average Speed 128 | 88 123 135 Slowest Speed 480 | 90 480 195 Overloaded Moves . | . . . Propulsion Burnouts . | . . . Robots Hopped . | . . . Cave-ins Triggered . | . . . Exploration Rate (%) 55 | 4 66 96 Regions Visited 2 Branch Regions 1 Pre-discovered Areas . | . . . Known Exits Taken 1 | . 1 . Unknown Exits Taken 1 | 1 . . Scrap Searched 2 | . . 2 Spaces Dug . | . . . Terrain Destroyed . | . . . Melee . | . . . Projectile . | . . . AOE . | . . . Terrain Rammed . | . . . Walls Destroyed . | . . . Machines Disabled . | . . . Actions | -11 -10 -10 --------- Run | Jun Mat Min Total 1282 | 52 549 681 Wait 71 | . 13 58 Move 1067 | 42 447 578 Hop . | . . . Pick Up 28 | 4 20 4 Fast Attach 15 | 6 9 . Attach 7 | . 3 4 Detach 5 | . 5 . Swap 6 | . 4 2 Drop 6 | . 3 3 Fire 77 | . 45 32 Melee . | . . . Ram . | . . . Kick . | . . . Crush . | . . . Escape Stasis . | . . . Rewire . | . . . Trap . | . . . Miscellaneous . | . . . Route ------- -11/Junkyard -10/Materials (discovered 2 exits: *Mat / *Min) -10/Mines (discovered 2 exits: *Mat x2) History --------- Turn | Location | Event 16 | -11/Junkyard | Discovered new exit (range 15) 52 | -11/Junkyard | Entered Materials 311 | -10/Materials | Build established: Mutant 578 | -10/Materials | Discovered new exit (range 11) 592 | -10/Materials | Identified exit to Materials 639 | -10/Materials | Identified exit to Mines 789 | -10/Materials | Entered Mines 849 | -10/Mines | Core integrity fell below 50% 951 | -10/Mines | Core integrity fell below 20% 993 | -10/Mines | Discovered exit to Materials (range 12) 1307 | -10/Mines | Learned Materials interactive machine intel 1420 | -10/Mines | Discovered exit to Materials (range 8) 1736 | -10/Mines | Destroyed by G-34 Mercenary with Small Laser Last Messages --------------- 01180_ U-05 Engineer lays Concrete. 01186_ U-05 Engineer builds a Wall. 01191_ U-05 Engineer lays Concrete. 01192_ U-05 Engineer builds a Wall. 01260_ K-01 Serf collects debris. 01300_ A pair of derelicts emerge from the shadows: "We're, um, lost. You wouldn't happen to know the way out of here, would you?" 01307_ Acquired derelict log, extracted data. Data stored: Materials interactive machine intel. 01410_ AB-TPH(g) destroyed. 01415_ G-47 Trooper destroyed. 01419_ Acquired Beamcaster. 01420_ EXIT=FOUND: MATERIALS 01423_ Dropped Heat Sink. 01426_ Acquired 10 matter. 01580_ Acquired derelict log, extracted data. Data stored: Recycling entrances (x1). 01720_ Arm. Wheel destroyed. 01730_ Critical hit (Burn: +37). 01732_ Sml. Laser destroyed. Map ----- +----------------------------------------------------+ | ### #### #?## #! !!/!#?##### ##### ## | | ## ### ### ## #### ## | | # ###### ##?## ###++##= | | ##???# ##???# %% % ! ###### | | ##????# ####### % ###### ##### | | """ #?????# ### ## = #???? | | """ #????## ### ##???? | | """ #???## ## ####### ######## ##???? | | #???# ## #?????### ##??????# ##??? | | ##??# ### #???????## ##???????# ##?? | | # #??## ##?# #????????#####????????# ##? | | ## ##??####??# #?????????????????????# #? | | ?# #????????# #?????????????????????# ## # | | ?## #???????# #?????????????????????# ### | | ??## #??????## #?????????????????????# #?# | | ???#####?????## ##????????????????????# #?## | | ?????????????# #??#####?????????????# #???# # | | ?????????????# #### #####????###### #????### | | ????####?????## ## ##???# #??????? | | ???## ##?????## #???# #######??????? | | ??## ######?## #??## #????????????? | | ??# #??# ##?## ############?? | | ### #?## ### ##?## ##? | | ## ##### ### ####?#### ## | | ###???# ## g #?## ######## # | | ##?????# """ ##@#?# ###??????## | | ##?????## """ ##g### ###?????????# | | #### ###### """ ##??????????## | | + #???## ##??????????# | | + #???## ### ### ##?????????# | | ###### #????# #?# #?# ##????????## # | | #??????? #????# ### #?# ####??????## ## | | #??????????#????# ## #?# #???????####? | | #???????????????# ## #?# ## #???????????? | | ##??????????????# ## #?## ### ##??????????? | | #??????????????## ### #??####?# ##?????????? | | #???????????????# ##?# #??????## ########### | | #???????????????# #??# #?????## | | #???????????????# #??# #????## | | ##???????????????# #??# ###### ############ | | ##????????????????# #??#t ##??????????# | | ??????????????????# #??# ###### ##???????????# | | ????????????????### #??# #????#####????????????? | | ????????????????# #?## ##????????????????????? | | ???????????????# #?# #????????????????????? | | ??????????????# #?# #????????????????????? | | ??????????????# ### #????????????????????? | | ??????????????# ### #????????????????????? | | ??????????????## #?## ##????????????????????? | | ???????????????## ##??#####?????????????????????? | +----------------------------------------------------+ Best States ------------- Heat Dissipation 39 Energy Generation 10 Energy Capacity 250 Matter Stores 300 Matter Capacity 300 Sight Range 16 Terrain Scan Density 10 Weapon Shielding 33 Evasion (%) 42 Recoil Reduction 2 Item Schematics ----------------- Huge Storage Unit | -10/Materials | Hacked Med. Laser | -10/Materials | Hacked Robot Schematics ------------------ None Fabricated ------------ Nothing Alien Tech Used ----------------- None Achievements -------------- None Challenges ------------ None Game ------ Seed MatterImpulseMicrothruster Manual? 0 Play Time 00:18:34 Cumulative 98.6 hours Start 2023.03.14 @ 00:11:54 End 2023.03.14 @ 00:29:03 Sessions 1 Manual Loads 0 Difficulty Rogue Special Mode None Game No. 61 Rogue 61 Adventurer 0 Explorer 0 Win Type - Total 0 Types 0/0/0/0/0/0/0/0/0 Lore% 40 Gallery% 52 Achievement% 42 Wizard Run 0 Options --------- ASCII 0 Keyboard 1 Movement Vi Keybinds 0 Fullscreen 1 Font 12/Smallcaps Map View 83x54 Tactical HUD 1 Map Filters NONE Filters NONE Steam 1 RUN: f62cd660-dac1-4923-9368-9441b3a7f670